 Dungeon Crawl Stone Soup version 0.29.1-15-g9cfb28693d (webtiles) character file.

Game seed: 1377037569962313940

24059 Sharkman1231 the Frost Mage (level 12, -7/97 HPs)
             Began as a Demonspawn Ice Elementalist on Apr 17, 2023.
             Was a High Priest of Kikubaaqudgha.
             Mangled by a two-headed ogre
             ... wielding a +0 giant club
              (26 damage)
             ... on level 13 of the Dungeon.
             The game lasted 00:31:58 (15808 turns).

Sharkman1231 the Frost Mage (DsIE)                 Turns: 15808, Time: 00:31:58

Health: -7/97      AC: 21    Str: 11    XL:     12   Next: 77%
Magic:  19/33      EV: 13    Int: 17    God:    Kikubaaqudgha [*****.]
Gold:   633        SH:  2    Dex: 19    Spells: 12/25 levels left

rFire   . . .      SeeInvis +   o - +6 trident
rCold   + + .      Faith    .   (no shield)
rNeg    . . .      Spirit   .   J - +0 acid dragon scales
rPois   +          Reflect  .   (helmet unavailable)
rElec   .          Harm     .   H - +2 cloak {rC+}
rCorr   +          Rampage  +   u - +2 pair of gloves {Dex+3}
Will    .....      Clarity  +   (no boots)
Stlth   ++........              s - amulet of Qocveegg {Acrobat Rampage rPois Slay+4 Stlth-}
HPRegen 1.06/turn               Q - ring of the Octopus King {HP+2 MP+9 AC+2 EV+2 SH+2}
MPRegen 0.23/turn               r - ring of protection from cold

@: ice-armoured
A: antennae 3, demonic guardian 1, sharp scales 2, demonic magic 1, clarity,
high MP 1, regeneration 1
a: Renounce Religion, Unearth Wretches, Torment


You were on level 13 of the Dungeon.
You worshipped Kikubaaqudgha.
Kikubaaqudgha was extremely pleased with you.
You visited 2 branches of the dungeon, and saw 14 of its levels.
You also visited: Bailey and Ice Cave.

You collected 819 gold pieces.
You spent 186 gold pieces at shops.

Inventory:

Hand Weapons
 n - a +0 dagger
 o - a +6 trident (weapon)
 R - a +1 lajatang of freezing
Missiles
 x - a throwing net
Armour
 l - a +0 buckler
 u - a +2 pair of gloves of dexterity (worn)
 H - a +2 cloak of cold resistance (worn)
 J - +0 acid dragon scales (worn)
Magical Staves
 S - a staff of death
Jewellery
 a - a ring of resist corrosion
 d - a ring of positive energy
 r - a ring of protection from cold (right hand)
 s - the amulet of Qocveegg (around neck) {Acrobat Rampage rPois Slay+4 Stlth-}
   (You found it on level 5 of the Dungeon)

   [amulet of the acrobat]

   It increases your evasion while moving and waiting.
   Slay:      It affects your accuracy & damage with ranged weapons and melee
   (+4).
   rPois:     It protects you from poison.
   Rampage:   It bestows one free step when moving towards enemies.
   Stlth:     It makes you less stealthy.
 t - a ring of positive energy
 w - a ring of protection from cold
 A - a ring of magical power
 B - a ring of willpower
 K - a +6 ring of strength
 Q - a ring of the Octopus King (left hand) {HP+2 MP+9 AC+2 EV+2 SH+2}
   (You found it in an ice cave)

   [ring of magical power]

   AC:        It affects your AC (+2).
   EV:        It affects your evasion (+2).
   HP:        It affects your health (+2).
   MP:        It affects your magic capacity (+9).
   SH:        It affects your SH (+2).
Wands
 m - a wand of charming (8)
 q - a wand of mindburst (2)
 v - a wand of polymorph (3)
 G - a wand of roots (2)
 O - a wand of digging (1)
Scrolls
 c - a scroll of blinking
 e - 4 scrolls of teleportation
 f - a scroll of summoning {unknown}
 y - a scroll of fear
 E - 5 scrolls of enchant weapon
 I - a scroll of enchant armour
 M - a scroll of fog
Potions
 b - 2 potions of magic
 g - 6 potions of mutation
 i - 7 potions of curing
 j - 2 potions of attraction
 k - 2 potions of flight
 p - a potion of brilliance
 z - 2 potions of resistance
 C - 5 potions of haste
 D - 2 potions of lignification
 F - a potion of berserk rage
 L - 3 potions of heal wounds
 N - a potion of cancellation
 P - a potion of ambrosia


   Skills:
 + Level 9.3 Fighting
 + Level 8.0 Short Blades
 - Level 1.7 Dodging
 - Level 5.0 Stealth
 - Level 7.0 Spellcasting
 - Level 7.0 Hexes
 + Level 8.7 Necromancy
 - Level 10.0 Ice Magic
 - Level 5.0 Evocations


You had 12 spell levels left.
You knew the following spells:

 Your Spells              Type           Power      Damage    Failure   Level
a - Freeze                Ice            100%       1d11      1%          1
b - Frozen Ramparts       Ice            80%        1d13      1%          3
c - Ozocubu's Armour      Ice            40%        N/A       1%          3
d - Ensorcelled Hibernat  Hex/Ice        68%        N/A       1%          2
e - Dispel Undead         Necr           35%        3d15      4%          4

Your spell library contained the following spells:

 Spells                   Type           Power      Damage    Failure   Level
 Necrotise                Necr           100%       1d9       1%          1
 Slow                     Hex            100%       N/A       1%          1
 Sublimation of Blood     Necr           35%        N/A       1%          2
 Vampiric Draining        Necr           35%        2d8       1%          3
 Confusing Touch          Hex            29%        N/A       3%          3
 Animate Dead             Necr           35%        N/A       4%          4
 Anguish                  Hex/Necr       16%        N/A       7%          4
 Agony                    Necr           35%        N/A       14%         5
 Hailstorm                Conj/Ice       23%        3d7       22%         4
 Passwall                 Tmut/Erth      4%         N/A       26%         2
 Static Discharge         Conj/Air       5%         3-4/arc   26%         2
 Swiftness                Air            5%         N/A       47%         3
 Corpse Rot               Necr/Pois/Air  15%        N/A       47%         4
 Simulacrum               Ice/Necr       18%        N/A       52%         6
 Death Channel            Necr           17%        N/A       58%         6
 Borgnjor's Vile Clutch   Necr/Erth      10%        N/A       63%         5
 Petrify                  Tmut/Erth      5%         N/A       87%         4
 Sticky Flame             Conj/Fire      5%         2d3       87%         4
 Irradiate                Conj/Tmut      2%         3d12      99%         5


Dungeon Overview and Level Annotations

Branches:
Dungeon (13/15)            Temple (1/1) D:5            Lair (0/5) D:9
    Orc (0/2) D:11         Bailey (visited)           IceCv (visited)
 Vaults: D:13-14

Altars:
Ashenzari
Dithmenos
Fedhas
Gozag
Hepliaklqana
Kikubaaqudgha
Makhleb
Nemelex Xobeh
Okawaru
Qazlal
Ru
Sif Muna
Trog
Uskayaw
Vehumet
Wu Jian
Xom
Yredelemnul

Shops:
D:2 !   D:5 *   D:9 :

Annotations:
D:4 exclusion: ice beast
D:11 1 runed translucent door, Lysca's ghost, journeyman NaIE


Innate Abilities, Weirdness & Mutations

You have a pair of large antennae on your head. (SInv)
A weak demonic guardian rushes to your aid.
You are mostly covered in razor-sharp scales. (AC +2, Slay +2)
Spells you cast may paralyse adjacent enemies.
You possess an exceptional clarity of mind.
You have an increased reservoir of magic. (+10% MP)
Your natural rate of healing is unusually fast.


Message History

The wall freezes the centaur warrior.
The centaur warrior misses you. The centaur warrior kicks you.
The wall freezes the centaur warrior!
The centaur warrior misses you.
The centaur warrior kicks you but does no damage.
A boulder beetle comes into view.
The two-headed ogre hits you with a +0 giant club!!
The two-headed ogre hits you but does no damage.
You barely miss the centaur warrior.
The centaur warrior is almost dead.
The wall freezes the centaur warrior.
The centaur warrior closely misses you.
The centaur warrior kicks you but does no damage.
The wall freezes the centaur warrior.
The centaur warrior hits you but does no damage.
The centaur warrior kicks you but does no damage.
The two-headed ogre hits you with a +0 giant club!
You block the two-headed ogre's attack.
Okay, then.
Casting: Ozocubu's Armour (safe; 1% risk of failure)
Confirm with . or Enter, or press ? or * to list all spells.
You cannot sustain more frozen ramparts right now.
Casting: Frozen Ramparts (safe; 1% risk of failure)
Confirm with . or Enter, or press ? or * to list all spells.
Aiming: Ensorcelled Hibernation (safe; 1% risk of failure)
Press: ? - help, Shift-Dir - straight line, f - two-headed ogre
Aim: a two-headed ogre, wielding a +0 giant club and a +0 giant spiked club (lightly wounded, chance to affect: 45%)
The two-headed ogre looks drowsy...
Malevolent energies surge around you.
The wall freezes the centaur warrior.
You kill the centaur warrior!
Kikubaaqudgha accepts your kill.
Your Short Blades skill increases to level 8!
The helpless two-headed ogre fails to defend itself.
You puncture the two-headed ogre! You punch the two-headed ogre.
The two-headed ogre is moderately wounded.
The frozen ramparts melt away.
The two-headed ogre hits you with a +0 giant club!!
* * * LOW HITPOINT WARNING * * *
A demonic guardian appears!
The two-headed ogre hits you with a +0 giant spiked club!!
You die...
Kikubaaqudgha rasps: "You have failed me!
Welcome... death!"

#####........#..............
..#..#.^.....#..............#
##...#...=†.......#.........#
#.#.....##.......#..........
#.#....>..............
#..#..................
#..###.......$.5......# ##.#
#(#.......O)#....# ###
####...#...@##....
...###..#.B...... #####
#(###.....#. ...# .......
#.## .#..... ## #...... #
?.#. ...


You could see a boulder beetle, a two-headed ogre (ally target) and a friendly
white imp (summoned).

Vanquished Creatures
  2 boulder beetles (D:13)
  2 centaur warriors (D:13)
  9 two-headed ogres
  A deep elf pyromancer (D:13)
  A cyclops (D:13)
  An ugly thing (D:13)
  3 manticores
  A gargoyle (D:13)
  An unseen horror (D:12)
  An efreet (D:13)
  2 ice devils (IceCv)
  A komodo dragon (D:9)
  An anaconda simulacrum (IceCv)
  4 trolls
  2 meliai
  2 shadows
  Eustachio (D:5)
  5 wraiths
  12 yaks
  A vampire (D:9)
  2 dire elephant simulacra (IceCv)
  A fire bat (D:8)
  8 vampire mosquitoes
  3 wargs (D:11)
  A harpy simulacrum (IceCv)
  2 acid dragons
  3 death yak simulacra (IceCv)
  2 water moccasins (D:6)
  A hydra simulacrum (IceCv)
  A swamp drake (D:8)
  11 orc warriors
  A black bear (D:5)
  2 ice beasts
  An ogre (D:7)
  11 centaurs
  A kobold brigand (D:7)
  A bullfrog (D:8)
  A necrophage (D:7)
  3 two-headed ogre simulacra (IceCv)
  2 wights (D:5)
  A cane toad simulacrum (IceCv)
  6 killer bees (D:9)
  3 elephant simulacra (IceCv)
  3 howler monkeys (D:10)
  5 jellies
  3 orc priests
  7 hounds
  5 iguanas
  4 orc wizards
  3 spriggan simulacra (IceCv)
  6 troll simulacra (IceCv)
  3 polar bear simulacra (IceCv)
  2 wolf simulacra (IceCv)
  7 gnolls (D:7)
  11 adders
  6 naga simulacra (IceCv)
  11 white imps
  7 ufetubi
  A worm (D:3)
  4 dart slugs
  39 orcs
  4 bats
  10 endoplasms
  4 giant cockroaches
  4 goblins
  6 hobgoblins
  4 jackals (D:2)
  6 quokkas
  5 ball pythons
  4 frilled lizards
  10 kobolds
  18 rats
323 creatures vanquished.

Vanquished Creatures (collateral kills)
  A meliai (D:12)
  An orc warrior (Bailey)
  A scorpion (D:4)
  A polar bear simulacrum (IceCv)
  5 orcs (Bailey)
  An endoplasm (D:2)
10 creatures vanquished.

Vanquished Creatures (others)
  An unseen horror (D:12)
  A floating eye (D:13)
  2 orcs (Bailey)
  6 plants
10 creatures vanquished.

Grand Total: 343 creatures vanquished

Notes
Turn   | Place    | Note
-------+----------+-------------------------------------------
     0 | D:1      | Sharkman1231 the Demonspawn Ice Elementalist began the
                  | quest for the Orb.
     0 | D:1      | Reached XP level 1. HP: 13/13 MP: 3/3
   126 | D:1      | Gained mutation: You are partially covered in razor-sharp
                  | scales. (AC +1, Slay +1) [demonic ancestry]
   126 | D:1      | Reached XP level 2. HP: 16/19 MP: 3/5
   328 | D:1      | Reached skill level 4 in Ice Magic
   828 | D:1      | Gained mutation: A weak demonic guardian rushes to your
                  | aid. [demonic ancestry]
   828 | D:1      | Reached XP level 3. HP: 24/24 MP: 3/6
  1543 | D:2      | Learned a level 3 spell: Frozen Ramparts
  1689 | D:2      | Found a faded altar of an unknown god.
  1798 | D:2      | Found Neunwar's Distillery.
  1872 | D:2      | Bought 2 potions of curing for 72 gold pieces
  1872 | D:2      | Bought a potion of lignification for 36 gold pieces
  2108 | D:2      | Reached XP level 4. HP: 30/30 MP: 8/8
  2422 | D:3      | Found a hazy altar of Hepliaklqana.
  2887 | D:3      | Found an ornate altar of the Wu Jian Council.
  2924 | D:3      | Reached skill level 5 in Ice Magic
  3176 | D:3      | Reached XP level 5. HP: 35/35 MP: 8/9
  3188 | D:3      | Learned a level 3 spell: Ozocubu's Armour
  3543 | D:4      | Noticed an ice beast
  3676 | D:4      | Found a shadowy altar of Dithmenos.
  3825 | D:4      | Reached skill level 1 in Fighting
  3825 | D:4      | Reached skill level 6 in Ice Magic
  3825 | D:4      | Gained mutation: Spells you cast may paralyse adjacent
                  | enemies. [demonic ancestry]
  3825 | D:4      | Reached XP level 6. HP: 26/43 MP: 11/11
  4048 | D:4      | Learned a level 2 spell: Ensorcelled Hibernation
  4291 | D:4      | Found a shimmering blue altar of Sif Muna.
  4398 | D:5      | Entered Level 5 of the Dungeon
  4419 | D:5      | Noticed an ice beast
  4595 | D:5      | Killed an ice beast
  4596 | D:5      | Reached skill level 1 in Hexes
  4596 | D:5      | Gained mutation: You have a pair of small antennae on your
                  | head. [demonic ancestry]
  4596 | D:5      | Reached XP level 7. HP: 50/50 MP: 13/13
  4768 | D:5      | Found a staircase to the Ecumenical Temple.
  4785 | D:5      | Identified the amulet of Qocveegg {Acrobat Rampage rPois
                  | Slay+4 Stlth-}
  4799 | Temple   | Entered the Ecumenical Temple
  4982 | Temple   | Became a worshipper of Ashenzari the Shackled
  4983 | Temple   | Fell from the grace of Ashenzari
  5017 | Temple   | Became a worshipper of Kikubaaqudgha
  5225 | D:5      | Noticed Eustachio
  5239 | D:5      | Killed Eustachio
  5299 | D:5      | Found Yrysizi's General Store.
  5362 | D:5      | Reached skill level 7 in Ice Magic
  5377 | D:5      | Bought a potion of degeneration for 13 gold pieces
  5377 | D:5      | Bought a scroll of fog for 52 gold pieces
  5377 | D:5      | Bought a scroll of noise for 13 gold pieces
  5980 | D:5      | Gained mutation: You are mostly covered in razor-sharp
                  | scales. (AC +2, Slay +2) [demonic ancestry]
  5980 | D:5      | Reached XP level 8. HP: 42/57 MP: 15/15
  6271 | D:5      | Gained mutation: You are dopey. (Int -2) [potion of
                  | mutation]
  6271 | D:5      | Gained mutation: You expend magic power (3 MP) to
                  | strengthen your wands. [potion of mutation]
  6272 | D:5      | Lost mutation: You expend magic power (3 MP) to strengthen
                  | your wands. [potion of mutation]
  6272 | D:5      | Lost mutation: You are dopey. (Int -2) [potion of mutation]
  6272 | D:5      | Gained mutation: You have an increased reservoir of magic.
                  | (+10% MP) [potion of mutation]
  6272 | D:5      | Gained mutation: You possess an exceptional clarity of
                  | mind. [potion of mutation]
  6272 | D:5      | Gained mutation: Your natural rate of healing is unusually
                  | fast. [potion of mutation]
  6685 | D:6      | Reached skill level 1 in Short Blades
  7153 | D:7      | Reached skill level 5 in Spellcasting
  7305 | D:7      | Was forgiven by Ashenzari
  7473 | D:7      | Reached skill level 8 in Ice Magic
  7644 | D:7      | Reached * piety under Kikubaaqudgha
  7644 | D:7      | Received a gift from Kikubaaqudgha
  7780 | D:7      | Reached XP level 9. HP: 65/65 MP: 18/18
  8236 | D:8      | Found a flagged portal.
  8252 | Bailey   | Entered a bailey
  8485 | Bailey   | Reached skill level 1 in Necromancy
  8801 | Bailey   | Reached skill level 5 in Fighting
  8879 | Bailey   | Reached ** piety under Kikubaaqudgha
  8880 | Bailey   | Reached skill level 9 in Ice Magic
  9148 | D:8      | Reached XP level 10. HP: 74/74 MP: 21/21
  9520 | D:9      | Found a staircase to the Lair.
  9546 | D:9      | Reached skill level 5 in Hexes
  9636 | D:9      | Found Saatheu's Book Boutique.
  9872 | D:9      | Noticed a two-headed ogre
 10498 | D:10     | Entered Level 10 of the Dungeon
 10635 | D:10     | Noticed a two-headed ogre
 10642 | D:10     | Killed a two-headed ogre
 10779 | D:10     | Noticed a two-headed ogre
 10790 | D:10     | Killed a two-headed ogre
 10791 | D:10     | Reached skill level 10 in Ice Magic
 10919 | D:10     | Noticed a two-headed ogre
 10923 | D:10     | Killed a two-headed ogre
 10924 | D:10     | Gained mutation: You have a pair of antennae on your head.
                  | [demonic ancestry]
 10924 | D:10     | Reached XP level 11. HP: 54/81 MP: 23/23
 11106 | D:10     | Noticed a two-headed ogre
 11119 | D:10     | Killed a two-headed ogre
 11120 | D:10     | Reached skill level 5 in Short Blades
 11742 | D:11     | Noticed a two-headed ogre
 11755 | D:11     | Killed a two-headed ogre
 11756 | D:11     | Reached skill level 1 in Evocations
 11799 | D:11     | Found a runed translucent door.
 11800 | D:11     | Found a shimmering altar of Xom.
 11800 | D:11     | Noticed Lysca's ghost (journeyman NaIE)
 11800 | D:11     | Noticed a +0 mace of chaos
 12050 | D:11     | Reached skill level 5 in Necromancy
 12162 | D:11     | Reached *** piety under Kikubaaqudgha
 12162 | D:11     | Received a gift from Kikubaaqudgha
 12180 | D:11     | Found a staircase to the Orcish Mines.
 12591 | D:11     | Learned a level 4 spell: Dispel Undead
 12758 | D:12     | Found a frozen archway.
 12767 | IceCv    | Entered an ice cave
 13249 | IceCv    | Reached **** piety under Kikubaaqudgha
 13508 | IceCv    | Reached skill level 5 in Stealth
 13656 | IceCv    | Noticed a reaper
 14009 | IceCv    | Found the ring of the Octopus King
 14017 | IceCv    | Identified a ring of the Octopus King {HP+2 MP+9 AC+2 EV+2
                  | SH+2}
 14068 | D:12     | Noticed a two-headed ogre
 14091 | D:12     | Killed a two-headed ogre
 14274 | D:12     | Gained mutation: You have a pair of large antennae on your
                  | head. (SInv) [demonic ancestry]
 14274 | D:12     | Reached XP level 12. HP: 91/91 MP: 24/24
 14578 | D:12     | Noticed a seven-headed hydra
 14579 | D:12     | Noticed a two-headed ogre
 14705 | D:12     | Killed a two-headed ogre
 14987 | D:13     | Noticed a vault guard
 15075 | D:13     | Noticed a boulder beetle
 15097 | D:13     | Killed a boulder beetle
 15219 | D:13     | Noticed a two-headed ogre
 15258 | D:13     | Identified the +5 plate armour "Ynott" {MP+9 Dex+2}
 15272 | D:13     | Noticed a two-headed ogre
 15280 | D:13     | Killed a two-headed ogre
 15281 | D:13     | Reached skill level 5 in Evocations
 15462 | D:13     | Noticed a two-headed ogre
 15462 | D:13     | Noticed an eight-headed hydra
 15463 | D:13     | Noticed a centaur warrior
 15467 | D:13     | Noticed a centaur warrior
 15468 | D:13     | Noticed a tengu warrior
 15597 | D:13     | Killed a centaur warrior
 15626 | D:13     | Killed a two-headed ogre
 15676 | D:13     | Noticed a boulder beetle
 15693 | D:13     | Killed a boulder beetle
 15693 | D:13     | Reached ***** piety under Kikubaaqudgha
 15805 | D:13     | Noticed a boulder beetle
 15807 | D:13     | Killed a centaur warrior
 15808 | D:13     | Mangled by a two-headed ogre

Illustrated notes

Levels and vault maps discovered:
D:1:      lemuel_arrival_lava_pool, layout_basic
D:2:      layout_loops_cross, serial_shops, nicolae_shop_statue_plus,
          basic_ecumenical_altar, minmay_rat_gold_closets
D:3:      minmay_chambers_of_threes, layout_rooms, mainiacjoe_overflow_catwalk,
          nicolae_overflow_hidden_temple, kennysheep_donut
D:4:      layout_loops_ring, kennysheep_little_box,
          nicolae_dithmenos_the_darkroom, kennysheep_generic_room_5
D:5:      layout_loops_ring, minmay_temple_entry_metal_lava,
          kennysheep_windowed_goal, uniq_eustachio
D:6:      layout_basic
D:7:      layout_rooms, kennysheep_flooded_box
D:8:      layout_gridville, enter_bailey_2
D:9:      layout_grid_maze, david_lair_shrubbed, serial_shops,
          nicolae_shop_trees
D:10:     layout_gridville, nicolae_elyvilon_peaceful_grove
D:11:     layout_grid_maze, minmay_orc_entry_guard_dogs, ebering_ghost_xom,
          nicolae_elevator_lobby_plus
D:12:     layout_long_grid, portal_ice_cave_entry_pillars_2, serial_bayou_pond_b
D:13:     layout_layer_cave, grunt_vaults_entry_fortified, serial_shops,
          nicolae_shop_trees, onia_ninara_cookie
Temple:   eino_temple_rhombus

Skill      XL: |  1  2  3  4  5  6  7  8  9 10 11 12 |
---------------+-------------------------------------+-----
Ice Magic      | 4 5 6 7 8 9 10 | 10.0
Spellcasting   | 3 4 5 6 7 |  7.0
Fighting       | 1 2 3 4 5 6 7 9 |  9.3
Hexes          | 1 2 3 4 5 7 |  7.0
Short Blades   | 2 3 4 6 8 |  8.0
Necromancy     | 2 4 6 8 |  8.7
Stealth        | 3 5 |  5.0
Evocations     | 4 5 |  5.0
Dodging        | |  1.7

Action                   |  1- 3 |  4- 6 |  7- 9 | 10-12 || total
-------------------------+-------+-------+-------+-------++-------
Melee: Unarmed           |    35 |    26 |    23 |       ||    84
       Punch             |       |     2 |     1 |     4 ||     7
       Mace              |       |       |    52 |       ||    52
       Trident           |       |       |    21 |   319 ||   340
 Cast: Freeze            |    59 |    84 |   133 |    94 ||   370
       Frozen Ramparts   |     2 |     3 |    24 |    35 ||    64
       Ozocubu's Armour  |       |       |    10 |    27 ||    37
       Dispel Undead     |       |       |       |    31 ||    31
       Ensorcelled Hiber |       |       |       |     3 ||     3
Invok: Renounce Religion |       |       |     1 |       ||     1
Evoke: Wand              |       |       |    18 |    10 ||    28
  Use: Potion            |       |     1 |     7 |       ||     8
       Scroll            |       |       |    14 |     9 ||    23
 Stab: Sleeping          |     4 |       |       |     3 ||     7
       Paralysed         |       |     1 |    15 |    50 ||    66
       Distracted        |       |       |       |     1 ||     1
Armor: Robe              |    23 |    30 |    77 |    21 ||   151
       Skin              |       |     8 |     9 |       ||    17
       Acid dragon scale |       |       |       |   181 ||   181
Dodge: Dodged            |    45 |    45 |   218 |   325 ||   633
Block: Buckler           |       |     1 |       |       ||     1
       Other             |       |       |       |     3 ||     3
